 Dungeon Sprint DCSS version 0.21.1-1-g345015fe64 (webtiles) character file.

1768 Htamos the Unseen (level 8, -18/39 HPs)
             Began as a Spriggan Enchanter on July 11, 2018.
             Was a Follower of Vehumet.
             Killed by an exploding ballistomycete spore (31 damage)
             ... in the Dungeon (Sprint I: "Red Sonja").
             The game lasted 00:05:45 (996 turns).

Htamos the Unseen (Spriggan Enchanter)               Turns: 996, Time: 00:05:47

Health: -18/39     AC:  2    Str:  4    XL:     8   Next: 80%
Magic:  23/23      EV: 25    Int: 17    God:    Vehumet [*.....]
Gold:   338        SH:  0    Dex: 18    Spells: 24/27 levels left

rFire    + . .     SeeInvis +   k - +0 rapier "Seic" {venom, rF+ Stlth+} (curse)
rCold    . . .     Gourm    .   (shield restricted)
rNeg     . . .     Faith    .   b - +0 robe
rPois    .         Spirit   .   (helmet restricted)
rElec    .         Reflect  .   (no cloak)
rCorr    .         Harm     .   (gloves unavailable)
MR       +....     NoTele   +   (boots unavailable)
Stlth    ++++......             (no amulet)
HPRegen  0.13/turn              (no ring)
MPRegen  0.18/turn              (no ring)

@: confused, very quick
A: very small, unfitting armour, see invisible, herbivore, speed 3, slow
metabolism 2
a: Renounce Religion


You were in the Dungeon.
You worshipped Vehumet.
Vehumet was aware of your devotion.
You were not hungry.

You visited 1 branch You collected 524 gold pieces.
You spent 186 gold pieces at shops.

Inventory:

Hand Weapons
 a - a +1 dagger
 k - the cursed +0 rapier "Seic" (weapon) {venom, rF+ Stlth+}
   (You bought it in a shop in the Dungeon)

   It poisons the flesh of those it strikes.
   It protects you from fire.
   It makes you more stealthy.
   It has a curse placed upon it.
Armour
 b - a +0 robe (worn)
Scrolls
 j - a scroll of blinking
Potions
 e - a potion of curing
 f - a potion of heal wounds
 g - a potion of haste
 h - 2 potions of magic
 l - a potion of lignification {unknown}
Books
 c - a book of Maledictions

   Spells                             Type                      Level
   a - Corona                         Hexes                        1
   b - Ensorcelled Hibernation        Hexes/Ice                    2
   c - Confuse                        Hexes                        3
   d - Tukima's Dance                 Hexes                        3
   e - Dazzling Spray                 Conjuration/Hexes            3
 i - a book of Flames

   Spells                             Type                      Level
   a - Flame Tongue                   Conjuration/Fire             1
   b - Throw Flame                    Conjuration/Fire             2
   c - Conjure Flame                  Conjuration/Fire             3
   d - Inner Flame                    Hexes/Fire                   3
   e - Sticky Flame                   Conjuration/Fire             4
   f - Fireball                       Conjuration/Fire             5
Comestibles
 d - a ration


   Skills:
 + Level 2.3 Fighting
 + Level 5.6 Short Blades
 + Level 8.7 Dodging
 + Level 16.6 Stealth
 + Level 10.3 Spellcasting
 + Level 12.1 Hexes
 - Level 4.6 Ice Magic


You had 24 spell levels left.
You knew the following spells:

 Your Spells              Type           Power        Failure   Level  Hunger
a - Corona                Hex            ######.      1%          1    None
b - Ensorcelled Hibernat  Hex/Ice        #####.       1%          2    None


Dungeon Overview and Level Annotations

Branches:
Dungeon (1/1)

Altars:
Cheibriados
Dithmenos
Elyvilon
Fedhas
Gozag
Hepliaklqana
Kikubaaqudgha
Makhleb
Nemelex Xobeh
Okawaru
Qazlal
Ru
Sif Muna
Trog
Uskayaw
Vehumet
Wu Jian
Xom
Yredelemnul
Zin
The Shining One
Jiyva
Lugonu

Shops:
D (


Innate Abilities, Weirdness & Mutations

You are very small and have problems with some larger weapons.
You are too small for most types of armour.
You have supernaturally acute eyesight. (SInv)
You are a herbivore.
You cover ground extremely quickly.
You need consume almost no food.


Message History

Things that are here:
an uncursed short sword of venom; an uncursed blowgun; 7 curare-tipped needles As you open the door, it creaks loudly! 2 ballistomycete spores come into view.
The ballistomycete spore waves its rhizomes.
A ballistomycete grows in the wake of the ballistomycete spore.
Found four items.
You puncture the ballistomycete spore!
The ballistomycete spore explodes!
The explosion of spores engulfs the ballistomycete.
The explosion of spores engulfs you!
You are confused.
Ouch! That really hurt!
The explosion of spores engulfs the ballistomycete spore.
The ballistomycete spore explodes!
The explosion of spores engulfs the ballistomycete.
The explosion of spores engulfs you!
You are more confused.
Ouch! That really hurt!
You die...

#..#__####..##[#§§§
##
#..#_____##'#_.+≈§§
#⌠⌠#_.∩.s.+..._#
####_..__##_.#'#
#_____###'#.#
#########.### +...+
#.).# ##@## #'#


P$! $)$"$ ####### There were no monsters in sight!

Vanquished Creatures
  Sonja (D)
  2 kobold demonologists (D)
  A slime creature (D)
  Sigmund (D)
  A yak (D)
  A floating eye (D)
  An ogre (D)
  A jelly (D)
  Ijyb (D)
10 creatures vanquished.

Notes
Turn   | Place    | Note
-------+----------+-------------------------------------------
     0 | D        | Htamos the Spriggan Enchanter began the quest for the Orb.
     0 | D        | Reached XP level 1. HP: 9/9 MP: 5/5
     2 | D        | Noticed Ijyb
    17 | D        | Killed Ijyb
    17 | D        | Reached skill level 6 in Stealth
    17 | D        | Reached skill level 5 in Hexes
    17 | D        | Reached XP level 2. HP: 9/13 MP: 5/7
   177 | D        | Learned a level 2 spell: Ensorcelled Hibernation
   178 | D        | Noticed an ogre
   181 | D        | Killed an ogre
   181 | D        | Reached skill level 5 in Dodging
   181 | D        | Reached skill level 9 in Stealth
   181 | D        | Reached skill level 5 in Spellcasting
   181 | D        | Reached XP level 3. HP: 16/16 MP: 7/10
   181 | D        | Reached XP level 4. HP: 21/21 MP: 8/12
   183 | D        | Noticed Sigmund
   186 | D        | Killed Sigmund
   186 | D        | Reached skill level 11 in Stealth
   186 | D        | Reached XP level 5. HP: 24/24 MP: 8/14
   236 | D        | Found a burning altar of Makhleb.
   236 | D        | Found a viscous altar of Jiyva.
   236 | D        | Found a shimmering altar of Xom.
   236 | D        | Found a corrupted altar of Lugonu.
   236 | D        | Noticed a slime creature
   522 | D        | Killed a slime creature
   522 | D        | Reached skill level 13 in Stealth
   522 | D        | Reached skill level 10 in Hexes
   522 | D        | Reached skill level 1 in Ice Magic
   522 | D        | Reached XP level 6. HP: 28/28 MP: 10/17
   572 | D        | Found an ornate altar of the Wu Jian Council.
   572 | D        | Found a deep blue altar of Sif Muna.
   574 | D        | Found a radiant altar of Vehumet.
   589 | D        | Found Aluczipn's Weapon Emporium.
   589 | D        | Found an ancient bone altar of Kikubaaqudgha.
   589 | D        | Found a hazy altar of Hepliaklqana.
   589 | D        | Found a stormy altar of Qazlal.
   589 | D        | Found a hide-covered altar of Uskayaw.
   589 | D        | Found a blossoming altar of Fedhas.
   589 | D        | Found a bloodstained altar of Trog.
   589 | D        | Found an iron altar of Okawaru.
   589 | D        | Found a basalt altar of Yredelemnul.
   589 | D        | Found a glowing golden altar of the Shining One.
   589 | D        | Found a snail-covered altar of Cheibriados.
   589 | D        | Found a sacrificial altar of Ru.
   589 | D        | Found a glowing silver altar of Zin.
   589 | D        | Found a shadowy altar of Dithmenos.
   589 | D        | Found a white marble altar of Elyvilon.
   589 | D        | Noticed a yak
   590 | D        | Found an opulent altar of Gozag.
   591 | D        | Killed a yak
   591 | D        | Reached skill level 14 in Stealth
   591 | D        | Reached XP level 7. HP: 32/32 MP: 16/19
   592 | D        | Found a sparkling altar of Nemelex Xobeh.
   604 | D        | Became a worshipper of Vehumet
   625 | D        | Bought the cursed +0 rapier "Seic" {venom, rF+ Stlth+} for 186 gold pieces
   663 | D        | Noticed a kobold demonologist
   664 | D        | Noticed a kobold demonologist
   671 | D        | Noticed a sixfirhy
   674 | D        | Paralysed by a floating eye for 4 turns
   677 | D        | Noticed a sixfirhy
   679 | D        | Killed a kobold demonologist
   679 | D        | Reached skill level 1 in Fighting
   681 | D        | Noticed a sixfirhy
   681 | D        | Killed a kobold demonologist
   681 | D        | Reached skill level 15 in Stealth
   681 | D        | Reached XP level 8. HP: 25/37 MP: 20/22
   682 | D        | Paralysed by a floating eye for 2 turns
   686 | D        | Reached * piety under Vehumet
   686 | D        | Offered knowledge of Freeze by Vehumet.
   787 | D        | Noticed a demonic crawler
   787 | D        | Noticed a demonic crawler
   787 | D        | Noticed a demonic crawler
   787 | D        | Noticed a demonic crawler
   975 | D        | Noticed Sonja
   979 | D        | Killed Sonja
   979 | D        | Reached skill level 5 in Short Blades
   979 | D        | Reached skill level 16 in Stealth
   979 | D        | Reached skill level 10 in Spellcasting
   996 | D        | Killed by an exploding ballistomycete spore

Skill      XL: |  1  2  3  4  5  6  7  8 |
---------------+-------------------------+-----
Stealth        | 6 9 11 13 14 15 16 | 16.6
Spellcasting   | 3 5 6 7 8 9 10 | 10.3
Hexes          | 5 7 9 10 11 12 | 12.1
Short Blades   | 2 3 4 5 |  5.6
Dodging        | 5 6 7 8 |  8.7
Ice Magic      | 1 2 3 4 |  4.6
Fighting       | 1 2 |  2.3

Action                   |  1- 3 |  4- 6 |  7- 9 || total
-------------------------+-------+-------+-------++-------
Melee: Dagger            |    14 |     7 |       ||    21
       Rapier            |       |       |    20 ||    20
 Cast: Ensorcelled Hiber |       |    11 |       ||    11
  Use: Potion            |     1 |       |       ||     1
 Stab: Sleeping          |     2 |     5 |     1 ||     8
Armor: Robe              |       |       |     3 ||     3
Dodge: Dodged            |     8 |     3 |    11 ||    22
